Map: Astillero orbital

Players

Xandros

  • Race: Zerg Zerg

IA (Medio) 1 - Winner!

  • Race: Zerg Zerg

VOD

Have the link to the VOD?

Description

Time

  • Played on: Nov. 20, 2015, 1:27 p.m.
  • Length: 6:08
Show
View Real Time Build Order
Export as new Build Order

Xandros Zerg 

Build Orders: Pool First 

Get SALT Encoding   

  12  0:12  Drone x2  
  14  0:17  Overlord  
  14  0:35  Spawning Pool  
  14  0:38  Drone  
  14  1:07  Hatchery  
  13  1:17  Drone  
  13  1:18  Drone x2  
  16  1:28  Drone  
  17  1:39  Drone  
  18  1:45  Extractor  
  17  1:48  Queen  
  19  1:58  Drone  
  20  2:09  Drone  
  21  2:18  Queen  
  21  2:20  Drone  
  24  2:23  Drone  
  25  2:40  Queen  
  27  2:47  Metabolic Boost  
  27  2:50  Drone  
  28  2:56  Overlord  
  28  3:24  Drone x3  
  28  3:27  Drone x5  
  36  3:52  Evolution Chamber  
  36  3:53  Drone  
  36  3:54  Evolution Chamber  
  35  3:55  Overlord  
  35  3:56  Overlord  
  35  4:13  Queen  
  35  4:15  Extractor  
  36  4:17  Drone  
  36  4:18  Drone x5  
  36  4:19  Drone  
  36  4:23  Extractor  
  42  4:38  Drone x3  
  44  4:41  Drone  
  46  4:50  Lair  
  46  5:01  Zergling x6  
  49  5:10  Hatchery  
  48  5:16  Queen  
Show
View Real Time Build Order
Export as new Build Order

IA (Medio) 1 Zerg - Winner!

Build Orders: Pool First 

Get SALT Encoding   

  12  0:00  Drone  
  13  0:12  Overlord  
  13  0:17  Drone  
  14  0:30  Drone  
  14  0:33  Drone  
  16  0:42  Spawning Pool  
  15  0:45  Drone  
  15  0:49  Drone  
  17  0:52  Extractor  
  17  0:55  Drone  
  17  1:06  Overlord  
  17  1:31  Zergling x2, Queen  
  20  1:37  Roach Warren  
  20  1:38  Drone  
  20  1:39  Extractor  
  19  1:40  Zergling x2  
  20  1:49  Drone  
  21  2:00  Drone  
  22  2:10  Overlord  
  22  2:21  Roach  
  24  2:32  Roach  
  26  2:41  Roach  
  26  2:43  Overlord  
  28  2:48  Drone  
  28  2:50  Roach  
  31  2:58  Drone  
  32  3:06  Baneling Nest  
  32  3:09  Drone  
  32  3:10  Roach  
  32  3:12  Drone  
  35  3:20  Drone  
  35  3:22  Evolution Chamber  
  35  3:31  Roach  
  37  3:41  Drone  
  38  3:52  Drone  
  38  3:53  Overlord  
  38  3:55  Drone  
  40  5:07  Lair, Overlord, Drone  
  41  5:08  Spore Crawler  
  41  5:10  Drone, Spore Crawler  
  41  5:12  Drone  
  41  5:15  Drone  
  42  5:21  Hatchery  
  41  5:39  Drone  
  42  5:47  Spine Crawler  
  42  5:48  Drone  
  39  6:00  Spine Crawler  
Tags
 
Add a new tag
Caveats
  • Supply blocks, unpowered buildings, or Contaminate may cause inaccurate times.
  • Supply counts are checked every 10 seconds.